 Dungeon Crawl Stone Soup version 0.26-a0-1139-g7d2dc893a1 (webtiles) character file.

Game seed: 11472709585641907788

91 scholarmage0 the Chucker (level 4, -3/42 HPs)
             Began as a Troll Hunter on Dec 22, 2020.
             Slain by an orc priest
             ... wielding a +0 flail
              (6 damage)
             ... on level 3 of the Dungeon.
             The game lasted 00:08:11 (825 turns).

scholarmage0 the Chucker (Troll Hunter)              Turns: 825, Time: 00:08:12

Health: -3/42      AC:  6    Str: 21    XL:     4   Next: 33%
Magic:  3/3        EV: 10    Int:  7    God:
Gold:   49         SH:  0    Dex: 10    Spells: 3/3 levels left

rFire    . . .     SeeInvis .   a - +0 short sword
rCold    . . .     Faith    .   (no shield)
rNeg     . . .     Spirit   .   b - +0 robe
rPois    .         Reflect  .   (helmet restricted)
rElec    .         Harm     .   (no cloak)
rCorr    .         Rampage  .   (gloves unavailable)
Will     .....                  (boots unavailable)
Stlth    +.........             (no amulet)
HPRegen  0.54/turn              (no ring)
MPRegen  0.08/turn              (no ring)

@: no status effects
A: large, unfitting armour, claws 3, regeneration 1, shaggy fur 1, tough skin 3
a: no special abilities


You were on level 3 of the Dungeon.
You visited 1 branch of the dungeon, and saw 3 of its levels.

You collected 49 gold pieces.

Inventory:

Hand Weapons
 a - a +0 short sword (weapon)
 d - a +0 hand axe
 k - a +0 dagger
 m - a +0 flail of holy wrath
Missiles
 e - 2 atropa-tipped darts (quivered)
 i - 14 stones
Armour
 b - a +0 robe (worn)
 f - a +0 robe
 j - a +0 pair of gloves
 l - a +1 chain mail of willpower
 n - a +0 ring mail
 o - a +0 chain mail
 q - a +0 leather armour
Scrolls
 g - 2 scrolls of identify {unknown}
 h - 2 scrolls of amnesia {unknown}
Potions
 p - a potion of curing {unknown}


   Skills:
 + Level 2.0 Fighting
 + Level 1.0 Short Blades
 + Level 4.8 Throwing
 + Level 1.7 Dodging
 + Level 0.5 Stealth


You had 3 spell levels left.
You didn't know any spells.
Your spell library was empty.

Dungeon Overview and Level Annotations

Branches:
Dungeon (3/15)

Altars:
Sif Muna


Innate Abilities, Weirdness & Mutations

You are too large for most types of armour.
You have claws for hands.
Your natural rate of healing is unusually fast.
You are covered in fur. (AC +1)
You have extremely tough skin. (AC +3)


Message History

You hit the orc but do no damage.
The orc is severely wounded.
The orc barely misses you. The orc hits you with a +0 short sword.
The orc priest looks encouraged for a moment.
The orc closely misses you.
You hit the orc.
You kill the orc!
The orc barely misses you.
Throw: large rock
Press: ? - help, Q - select action, (/) - cycle Shift-Dir - straight line, f/p - orc
Aim: an orc, wielding a +0 falchion You throw a large rock.
The large rock hits the orc.
The orc is almost dead.
The orc priest hits you with a +0 flail!
* * * LOW HITPOINT WARNING * * *
The orc hits you but does no damage. The orc misses you.
The orc hits you with a +0 falchion.
* * * LOW HITPOINT WARNING * * *
The orc priest hits you with a +0 flail.
You die...

.. .#
##.#####+
#....(...
#........
#.......(
#oo...#
#@o# ##.#
##


You could see an orc priest and 2 orcs.

Vanquished Creatures
  Terence (D:2)
  4 gnolls (D:2)
  A worm (D:2)
  A dart slug (D:2)
  2 orcs (D:3)
  A bat (D:2)
  3 giant cockroaches (D:2)
  2 goblins
  2 hobgoblins
  2 ball pythons
  2 frilled lizards (D:1)
  A kobold (D:2)
  2 rats
24 creatures vanquished.

Notes
Turn   | Place    | Note
-------+----------+-------------------------------------------
     0 | D:1      | scholarmage0 the Troll Hunter began the quest for the Orb.
     0 | D:1      | Reached XP level 1. HP: 19/19 MP: 0/0
   297 | D:2      | Reached skill level 4 in Throwing
   297 | D:2      | Reached XP level 2. HP: 28/28 MP: 1/1
   308 | D:2      | Reached XP level 3. HP: 31/35 MP: 2/2
   449 | D:2      | Noticed Terence
   484 | D:2      | Killed Terence
   485 | D:2      | Reached XP level 4. HP: 12/42 MP: 3/3
   585 | D:2      | Found a shimmering blue altar of Sif Muna.
   591 | D:2      | Reached skill level 1 in Short Blades
   825 | D:3      | Slain by an orc priest

Illustrated notes

Levels and vault maps discovered:
D:1:      giann_forest_graveyard, layout_loops_ring
D:2:      layout_loops_cross, nicolae_overflow_crystal_walls, uniq_terence
D:3:      layout_basic, general_overflow_altar, minmay_liquid_box

Skill      XL: |  1  2  3  4 |
---------------+-------------+-----
Throwing       | 4 |  4.8
Short Blades   | 1 |  1.0
Fighting       | 2 |  2.0
Dodging        | |  1.7
Stealth        | |  0.5

Action                   |  1- 3 |  4- 6 || total
-------------------------+-------+-------++-------
Melee: Short sword       |    65 |    24 ||    89
Throw: Large rock        |    21 |     5 ||    26
       Throwing net      |     3 |       ||     3
       Dart              |       |     2 ||     2
Armor: Robe              |    11 |     9 ||    20
Dodge: Dodged            |    31 |    22 ||    53

Table legend: (Time is in decaauts)
 A = Elapsed time spent in this place.
 B = Non-inter-level travel time spent in this place.
 C = Inter-level travel time spent in this place.
 D = Time resting spent in this place.
 E = Time spent auto-exploring this place.
 F = Levels seen in this place.
 G = Mean time per level.
                   A        B        C        D        E       F      G
               +--------+--------+--------+--------+--------+-----+--------+
         Total |    850 |    848 |      2 |      0 |      0 |   3 |  283.3 |
       Dungeon |    850 |    848 |      2 |      0 |      0 |   3 |  283.3 |
               +--------+--------+--------+--------+--------+-----+--------+

Top non-repeatable levels by time:
     D:2: 547 daAuts
     D:1: 288 daAuts
     D:3: 14 daAuts
